AoeStats
← Kanyaga

Arabia

508689223Analyzed
1v1 RM · 9d ago on Sep 23, 2026· 40m 17s· 2 players
Game mode
Random Map
Map size
Tiny (2 player)
Population
200
Speed
Normal
Resources
Standard
Victory
Conquest
Starting age
Dark Age
Ending age
Imperial Age
RankedLock teamsTeams togetherTeam positionsShared explorationLock speedFull tech treeHidden civsTurbo modeCheats
Victory
Defeat
🇹🇷 Persians · Türkiye
1514
+19
🇵🇪 Danes · Peru
1575
-19
Kanyaga
2:05 Loom
9:17 Feudal Age
10:08 Double-Bit Axe
14:16 Horse Collar
15:08 Town Watch
20:41 Castle Age
19:02 Fletching
20:06 Bloodlines
21:06 Bodkin Arrow
21:24 Bow Saw
21:16 Heavy Plow
24:43 Husbandry
25:07 Ballistics
25:18 Gold Mining
30:16 Parthian Tactics
30:31 Padded Archer Armor
30:53 Stone Mining
32:59 Leather Archer Armor
32:07 Light Cavalry
34:03 Wheelbarrow
37:47 Scale Barding Armor
37:52 Forging
37:59 Hand Cart
40:15 Imperial Age
39:19 Chain Barding Armor
39:32 Masonry
40:35 Iron Casting
VuLtrox y los chavales
9:45 Feudal Age
10:05 Loom
10:20 Double-Bit Axe
10:16 Horse Collar
20:16 Castle Age
18:46 Scale Mail Armor
20:07 Forging
19:49 Gold Mining
21:41 Squires
27:00 Fletching
28:25 Bodkin Arrow
29:44 Ballistics
30:04 Padded Archer Armor
31:41 Wheelbarrow
31:50 Thumb Ring
32:54 Bow Saw
33:03 Leather Archer Armor
33:28 Heavy Plow
33:55 Husbandry
34:31 Hand Cart
35:04 Bloodlines
39:55 Imperial Age
Connection lost

Rejoining the realm…

Still unreachable

The connection could not be restored.

Session expired

The server has moved on; the page needs a fresh start.